Map: Frost LE

Players

HandSaw

  • Race: Terran Terran
  • League: Silver

Nickos - Winner!

  • Race: Terran Terran
  • League: Gold

VOD

Have the link to the VOD?

Description

Time

  • Played on: Sept. 21, 2016, 7:39 a.m.
  • Length: 7:13
Show
View Real Time Build Order
Export as new Build Order

HandSaw Terran 

Build Orders:  

Get SALT Encoding   

  12  0:01  SCV  
  13  0:13  SCV  
  14  0:21  Supply Depot  
  14  0:25  SCV  
  15  0:42  SCV  
  16  0:49  Barracks  
  16  0:53  Barracks  
  16  0:55  SCV  
  17  1:08  SCV  
  18  1:14  Barracks  
  18  1:20  SCV  
  18  1:24  Refinery  
  19  1:32  SCV  
  20  1:41  Marine x2  
  22  1:49  Refinery  
  22  1:52  SCV  
  23  2:04  Orbital Command  
  23  2:17  Supply Depot  
  23  2:22  Supply Depot  
  23  2:38  Marine x3  
  23  2:39  SCV  
  27  2:51  SCV  
  28  2:56  Marine x3  
  31  3:03  SCV  
  32  3:14  Marine x3  
  32  3:15  SCV  
  36  3:27  SCV  
  36  3:32  Marine x3  
  40  3:39  SCV  
  40  3:40  Supply Depot  
  39  3:50  Marine x3  
  41  4:08  Marine x3  
  42  4:25  Marine x3  
  45  4:34  Command Center  
  45  4:36  Factory  
  45  4:39  Factory, SCV  
  45  4:43  Supply Depot, Marine x3  
  47  5:01  Marine x2  
  39  5:14  Barracks Tech Lab  
  39  5:22  SCV  
  39  5:24  Factory Tech Lab  
  39  5:25  Factory Tech Lab  
  40  5:34  SCV  
  41  5:37  Combat Shields  
  41  5:40  Engineering Bay  
  41  5:42  Marine  
  42  5:43  Marine  
  42  5:44  Marauder  
  42  5:45  Siege Tank  
  42  5:46  Siege Tank  
  51  6:00  SCV, Marine  
  51  6:01  Starport, Marine  
  51  6:02  Orbital Command  
  54  6:05  Marauder  
  56  6:12  SCV  
  56  6:18  Marine x2  
  58  6:19  Siege Tank  
  62  6:26  Supply Depot, Marauder  
  64  6:39  Marine x2  
  71  6:47  SCV x2  
  71  6:48  Marauder  
  71  6:53  Supply Depot  
  74  6:59  SCV  
Show
View Real Time Build Order
Export as new Build Order

Nickos Terran - Winner!

Build Orders: MMM Bio 

Get SALT Encoding   

  12  0:01  SCV  
  13  0:13  SCV  
  14  0:24  Supply Depot  
  14  0:25  SCV  
  15  0:45  SCV  
  15  0:47  Barracks  
  16  0:57  SCV  
  17  1:09  SCV  
  18  1:19  Command Center  
  18  1:22  SCV  
  19  1:34  Marine  
  19  1:36  Orbital Command  
  20  1:45  Barracks  
  20  1:52  Marine  
  21  2:05  SCV  
  21  2:06  Supply Depot  
  22  2:13  Barracks  
  22  2:15  Marine  
  23  2:23  Refinery  
  23  2:24  Refinery  
  23  2:28  SCV  
  24  2:32  Orbital Command  
  23  2:38  Marine  
  23  2:40  SCV  
  25  2:44  Marine  
  26  2:52  SCV  
  27  2:59  SCV  
  27  3:03  Barracks Tech Lab  
  27  3:04  Barracks Reactor, SCV  
  29  3:11  SCV  
  30  3:13  Barracks Reactor  
  30  3:16  SCV  
  31  3:22  Supply Depot  
  31  3:23  SCV  
  32  3:28  SCV  
  33  3:35  Bunker  
  33  3:36  SCV  
  33  3:39  Marauder  
  33  3:40  Stimpack, SCV  
  36  3:48  SCV  
  34  4:05  Marine x2  
  34  4:06  Marine x3  
  35  4:20  Factory  
  35  4:21  Supply Depot, SCV x2  
  35  4:23  Marine x3  
  40  4:30  Marine  
  43  4:31  Marauder  
  43  4:33  SCV x2  
  43  4:37  Barracks  
  45  4:45  Supply Depot, SCV  
  45  4:46  SCV  
  45  4:49  Marine  
  45  4:50  Marine x3  
  45  4:52  Marine  
  52  4:57  SCV  
  52  4:58  SCV  
  49  5:07  Factory Reactor, Marine x2  
  49  5:09  Starport  
  49  5:10  SCV x2  
  53  5:22  Marine x2, SCV x2  
  53  5:24  Barracks Reactor  
  53  5:28  Barracks  
  57  5:30  Supply Depot  
  57  5:31  Marine x2  
  57  5:32  Marauder  
  57  5:34  SCV x2  
  63  5:41  Combat Shields  
  63  5:44  Marine x2  
  63  5:46  SCV x2  
  63  5:49  Marine  
  68  5:53  Marine x2  
  68  5:54  Medivac  
  68  5:55  Medivac  
  74  5:58  SCV x2  
  74  6:01  Marine  
  74  6:02  Marine  
  78  6:08  Marine  
  78  6:20  SCV x2, Supply Depot, Marine x4  
  78  6:24  Medivac  
  86  6:26  Engineering Bay  
  86  6:30  Engineering Bay  
  86  6:42  SCV, Marine x7  
  94  6:49  Barracks Reactor  
  94  6:50  Supply Depot  
  94  6:53  Supply Depot  
  94  6:56  SCV x2  
Tags
 
Composition
MMM Bio
Matchup
TvT
Race
Terran
Replay Pack
Nickos replay
Add a new tag
Caveats
  • Supply blocks, unpowered buildings, or Contaminate may cause inaccurate times.
  • Supply counts are checked every 10 seconds.